 Dungeon Crawl Stone Soup version 0.23-b1-70-gd12f7cf (webtiles) character file.

Game seed: 2003909089561984400

37 Folque the Digger (level 3, -1/29 HPs)
             Began as a Draconian Earth Elementalist on Feb 6, 2019.
             Slain by a worker ant (3 damage)
             ... on level 2 of the Dungeon.
             The game lasted 00:03:58 (1287 turns).

Folque the Digger (Draconian Earth Elementalist)    Turns: 1287, Time: 00:03:59

Health: -1/29      AC:  5    Str: 15    XL:     3   Next: 23%
Magic:  0/6        EV: 12    Int: 16    God:
Gold:   98         SH:  0    Dex: 11    Spells: 1/7 levels left

rFire    . . .     SeeInvis .   e - +0 short sword
rCold    . . .     Gourm    .   (no shield)
rNeg     . . .     Faith    .   (armour unavailable)
rPois    .         Spirit   .   (helmet restricted)
rElec    .         Reflect  .   (no cloak)
rCorr    .         Harm     .   (no gloves)
MR       .....                  (no boots)
Stlth    ++........             (no amulet)
HPRegen  0.09/turn              (no ring)
MPRegen  0.10/turn              (no ring)

@: mighty, lethally poisoned (-1 -> -20), very slightly contaminated, hasted,
very quick
A: unfitting armour, cold-blooded, AC +5
a: no special abilities


You were on level 2 of the Dungeon.
You were hungry.

You visited 1 branch of the dungeon, and saw 2 of its levels.

You collected 98 gold pieces.

Inventory:

Hand Weapons
 e - a +0 short sword (weapon)
 h - a +0 spear
Missiles
 b - 83 stones (quivered)
Scrolls
 f - a scroll of enchant weapon {unknown}
 g - 3 scrolls of remove curse {unknown}
 i - a scroll of teleportation {unknown}
Potions
 k - a potion of heal wounds {unknown}
Comestibles
 c - a ration


   Skills:
 - Level 2.0 Fighting
 - Level 1.7 Dodging
 - Level 1.7 Stealth
 * Level 2.5 Spellcasting
 + Level 0.1 Conjurations
 - Level 1.0 Transmutations
 + Level 3.3 Earth Magic


You had one spell level left.
You knew the following spells:

 Your Spells              Type           Power        Failure   Level  Hunger
a - Sandblast             Erth           ##....       4%          1    #......
b - Passwall              Tmut/Erth      #.......     12%         2    ##.....
c - Stone Arrow           Conj/Erth      #.....       28%         3    ###....

Your spell library contained the following spells:

 Spells                   Type           Power        Failure   Level  Hunger
 Petrify                  Tmut/Erth      #.......     63%         4    #####..
 Lee's Rapid Deconstruct  Erth           ##........   80%         5    ######.


Dungeon Overview and Level Annotations

Branches:
Dungeon (2/15)

Altars:


Innate Abilities, Weirdness & Mutations

Your plain brown scales are hard. (AC +5)
You cannot fit into any form of body armour.
You are cold-blooded and may be slowed by cold attacks.


Message History

You completely miss the worker ant.
Your tail-slap misses the worker ant.
The worker ant is almost dead.
You feel sick.
The worker ant bites you but does no damage.
The worker ant barely misses you.
You closely miss the worker ant.
The worker ant is almost dead.
You feel sick. The worker ant bites you.
* * * LOW HITPOINT WARNING * * *
You are more poisoned.
The worker ant poisons you!
It was a potion of haste.
You feel yourself speed up.
* * * LOW HITPOINT WARNING * * *
You feel sick. The worker ant bites you.
* * * LOW HITPOINT WARNING * * *
It was a potion of might.
You feel very mighty all of a sudden.
* * * LOW HITPOINT WARNING * * *
You feel sick. The worker ant bites you.
You die...

#.# #.#
####### #.#
..[...# #?#
.####.# #.# .#
#.# #.# .# #.#
#a# .#
#.##########@#
##
#............#
##############


You could see a worker ant.

Vanquished Creatures
  2 dart slugs (D:1)
  A leopard gecko (D:1)
  7 bats (D:1)
  A giant cockroach (D:1)
  3 goblins (D:1)
  2 hobgoblins (D:1)
  7 kobolds (D:1)
  3 frilled lizards (D:1)
  7 rats
33 creatures vanquished.

Notes
Turn   | Place    | Note
-------+----------+-------------------------------------------
     0 | D:1      | Folque the Draconian Earth Elementalist began the quest for
                  | the Orb.
     0 | D:1      | Reached XP level 1. HP: 14/14 MP: 3/3
   145 | D:1      | Reached skill level 1 in Fighting
   170 | D:1      | Reached XP level 2. HP: 13/23 MP: 3/5
   653 | D:1      | Reached XP level 3. HP: 29/29 MP: 6/6
   660 | D:1      | Learned a level 2 spell: Passwall
   664 | D:1      | Learned a level 3 spell: Stone Arrow
  1287 | D:2      | Slain by a worker ant

Skill      XL: |  1  2  3 |
---------------+----------+-----
Fighting       | 1 2 |  2.0
Dodging        | |  1.7
Stealth        | |  1.7
Spellcasting   | |  2.5
Conjurations   | |  0.1
Transmutations | |  1.0
Earth Magic    | |  3.3

Action                   || total
-------------------------++-------
Melee: Unarmed           ||    20
       Short sword       ||    63
       Tailslap          ||     8
       Spear             ||    37
 Cast: Sandblast         ||     8
       Stone Arrow       ||     1
  Use: Potion            ||     2
 Stab: Sleeping          ||     3
  Eat: Chunk             ||     1
Armor: Skin              ||    24
Dodge: Dodged            ||    62
